 Dungeon Crawl Stone Soup version 0.31-a0-965-g8a8ce12e04 (webtiles) character file.

Game seed: 6718062323167655655

25 Dirtsage the Insei (level 3, -1/23 HPs)
             Began as an Octopode Shapeshifter on Oct 27, 2023.
             Slain by a quokka (2 damage)
             ... on level 2 of the Dungeon.
             The game lasted 00:03:13 (1013 turns).

Dirtsage the Insei (Octopode Shapeshifter)          Turns: 1013, Time: 00:03:14

Health: -1/23      AC:  1    Str: 13    XL:     3   Next: 4%
Magic:  3/3        EV: 13    Int: 12    God:
Gold:   98         SH:  0    Dex: 13    Spells: 2/2 levels left

rFire   . .          .
                       - Unarmed
rCold   . . .        (no shield)
rNeg    . . .        (helmet currently unavailable)
rPois   .            (no amulet)
rElec   .            S - ring of see invisible
rCorr   .            (no ring)
SInv    +            (no ring)
Will    .....        (no ring)
Stlth   ++           (no ring)
HPRegen 0.23/turn    (no ring)
MPRegen 0.08/turn    (no ring)
                     (no ring)

%: no passive effects
@: beast-form
A: beast (slay +1), almost no armour, amphibious, 8 rings, camouflage 1,
gelatinous body 1, (nimble swimmer 1), tentacles
a: Begin Untransformation


You were on level 2 of the Dungeon.
You were a hulking beast.
You visited 1 branch of the dungeon, and saw 2 of its levels.

You collected 98 gold pieces.

Inventory:

Jewellery
 S - a ring of see invisible (left tentacle)
Talismans
 b - a beast talisman
 c - a flux talisman
 k - a beast talisman
Scrolls
 f - 2 scrolls of fear {unknown}
 g - 3 scrolls of noise {unknown}
 h - a scroll of revelation {unknown}
 i - a scroll of identify {unknown}
 j - a scroll of teleportation {unknown}
Potions
 a - a potion of lignification
 d - 2 potions of haste {unknown}
 e - a potion of enlightenment {unknown}


   Skills:
 + Level 1.4 Fighting
 - Level 2.0 Dodging
 * Level 3.4 Unarmed Combat
 * Level 3.4 Shapeshifting


You had 2 spell levels left.
You didn't know any spells.
Your spell library was empty.

Dungeon Overview and Level Annotations

Branches:
Dungeon (2/15)

Altars:

Shops:
D:1 *


Innate Abilities, Weirdness & Mutations

You are a hulking beast.
Your limbs bulge with bestial killing power. (Slay +1)
You cannot wear most types of armour.
You are amphibious.
You can wear up to eight rings at the same time.
Your skin changes colour to match your surroundings (Stealth+).
Your rubbery body absorbs attacks. (AC +1, EV +1)
((You are camouflaged when in or above water. (Stealth+)))
You have tentacles for arms and can constrict up to eight enemies at once.


Message History

You closely miss the goblin. Your grab misses the goblin.
Your squeeze misses the goblin. The goblin hits you but does no damage.
You tentacle-slap the goblin.
You kill the goblin!
You have reached level 3!
Your experience leads to an increase in your attributes!
Increase (s)trength, (i)ntelligence, or (d)exterity?
You feel agile. x2
You regained 2 hp, and now have 8/23 hp.
MP restored: 3 A quokka comes into view.
A quokka is nearby!
You are too injured to fight recklessly!
You are too injured to fight recklessly!
You are too injured to fight recklessly!
A goblin comes into view. It is wielding a +0 club.
The goblin shouts!
You hear a shout! x5
You see here 8 stones.
The quokka barely misses you.
You tentacle-slap the quokka. Your grab misses the quokka.
The quokka is lightly wounded.
The quokka bites you.
You closely miss the quokka. Your grab misses the quokka.
The quokka is lightly wounded.
The quokka closely misses you. The goblin hits you with a +0 club.
* * * LOW HITPOINT WARNING * * *
You take 3 damage, and have 6/23 hp.
You tentacle-slap the goblin.
You kill the goblin!
The quokka barely misses you. x2
You tentacle-slap the quokka. Your grab misses the quokka.
Your squeeze misses the quokka.
The quokka is heavily wounded.
The quokka bites you.
* * * LOW HITPOINT WARNING * * *
You take 5 damage, and have 1/23 hp.
MASSIVE DAMAGE!!
You closely miss the quokka. You grab the quokka.
The quokka is heavily wounded.
You constrict the quokka. The quokka bites you.
You die...

....'''''......##.#.#
#...'''''......##.#.# .
...''_''.........#..
.##.'''''....#.......
....'''''....#.......
#..........#.......
###....).............
#...)..(..#...#...###
#..rh.......>........
#...........######.##..
#......................
#.......##..######.....
#.......#..............
...#.....#...####.......
.........# .....#.......
........##.........#....
.........#....


You could see a quokka.

Vanquished Creatures
  5 ball pythons (D:1)
  2 endoplasms (D:1)
  3 goblins
  4 hobgoblins
  A quokka (D:1)
  A frilled lizard (D:2)
  A kobold (D:1)
  6 rats
23 creatures vanquished.

Notes
Turn   | Place    | Note
-------+----------+-------------------------------------------
     0 | D:1      | Dirtsage the Octopode Shapeshifter began the quest for the
                  | Orb.
     0 | D:1      | Reached XP level 1. HP: 13/13 MP: 1/1
    50 | D:1      | Found Ytrav's General Store.
   142 | D:1      | Reached XP level 2. HP: 18/18 MP: 2/2
   997 | D:2      | Found a faded altar of an unknown god.
  1004 | D:2      | Reached XP level 3. HP: 8/23 MP: 3/3
  1012 | D:2      | HP: 1/23 [quokka (5)]
  1013 | D:2      | Slain by a quokka

Illustrated notes

Levels and vault maps discovered:
D:1:      amcnicky_arrival_blooded_trapdoor, layout_loops_corners, serial_shops,
          shop
D:2:      layout_basic, hellmonk_ecumenical_altar_heavens_door, basic_altar,
          uniq_robin

Action                     || total
---------------------------++-------
  Melee: Unarmed           ||    41
         Constrict         ||     6
         Tentacles         ||     5
         Punch             ||     2
   Stab: Sleeping          ||     7
 Armour: Skin              ||    14
  Dodge: Dodged            ||    22

Table legend: (Time is in decaauts)
 A = Elapsed time spent in this place.
 B = Non-inter-level travel time spent in this place.
 C = Inter-level travel time spent in this place.
 D = Time resting spent in this place.
 E = Time spent auto-exploring this place.
 F = Levels seen in this place.
 G = Mean time per level.
                   A        B        C        D        E       F      G
               +--------+--------+--------+--------+--------+-----+--------+
         Total |   1009 |   1000 |      9 |      0 |    848 |   2 |  504.5 |
       Dungeon |   1009 |   1000 |      9 |      0 |    848 |   2 |  504.5 |
               +--------+--------+--------+--------+--------+-----+--------+

Top non-repeatable levels by time:
     D:1: 848 daAuts
     D:2: 161 daAuts
